Map: Acid Plant LE

Players

DaSniper

  • Race: Protoss Protoss
  • League: Diamond
  • Spawn Location: 5:00

Gothspada

  • Race: Protoss Protoss
  • Spawn Location: 11:00

Digitalhelix

  • Race: Terran Terran

RiverTacos

  • Race: Terran Terran

VOD

Have the link to the VOD?

Description

Time

  • Played on: Aug. 10, 2018, 9:24 p.m.
  • Length: 5:28
Show
View Real Time Build Order
Export as new Build Order

DaSniper Protoss 

Build Orders: 1 Gate Expand 

Get SALT Encoding   

  12  0:01  Probe  
  13  0:14  Probe  
  14  0:18  Pylon  
  14  0:26  Probe  
  15  0:38  Probe  
  15  0:39  Gateway  
  16  0:47  Assimilator  
  16  0:51  Probe  
  17  1:02  Probe  
  18  1:11  Probe  
  19  1:20  Probe  
  20  1:26  Cybernetics Core  
  20  1:44  Nexus  
  20  1:48  Probe  
  20  1:50  Assimilator  
  21  1:58  Pylon  
  21  2:04  Stalker  
  23  2:14  Warp Gate  
  23  2:16  Probe  
  24  2:28  Probe  
  25  2:39  Stalker, Robotics Facility  
  27  2:45  Probe  
  27  2:49  Pylon  
  28  2:54  Probe  
  28  2:55  Probe  
  29  3:02  Probe  
  29  3:04  Probe  
  30  3:09  Stalker  
  30  3:12  Probe  
  34  3:18  Probe  
  36  3:25  Gateway  
  36  3:28  Gateway  
  36  3:29  Probe, Warp Prism  
  38  3:34  Probe  
  40  3:42  Probe  
  40  3:46  Probe  
  42  3:51  Assimilator  
  42  3:54  Probe  
  43  3:56  Twilight Council  
  43  3:58  Probe  
  44  4:06  Probe  
  44  4:08  Pylon  
  45  4:16  Probe  
  46  4:20  Probe  
  46  4:23  Stalker x2  
  51  4:28  Probe  
  51  4:31  Observer  
  53  4:35  Probe  
  54  4:39  Assimilator  
  54  4:41  Probe  
  55  4:48  Pylon  
  55  4:57  Zealot  
  55  4:58  Zealot x2  
  55  4:59  Robotics Bay  
  61  5:00  Probe  
  61  5:04  Pylon  
  63  5:07  Forge  
  63  5:09  Forge  
Show
View Real Time Build Order
Export as new Build Order

Gothspada Protoss 

Build Orders:  

Get SALT Encoding   

  12  0:05  SCV  
  13  0:19  SCV  
  14  0:31  Supply Depot, SCV  
  15  0:54  SCV  
  16  1:06  Barracks  
  16  1:08  SCV  
  16  1:09  Barracks  
  17  1:19  Supply Depot  
  17  1:20  SCV  
  18  1:32  SCV  
  19  1:34  Refinery  
  19  1:44  SCV  
  20  1:50  Barracks  
  20  1:57  Marine  
  20  2:01  Marine  
  22  2:08  Refinery  
  22  2:24  Marine  
  22  2:36  Barracks Reactor  
  22  2:42  Marine  
  23  2:51  Barracks  
  23  3:02  Command Center  
  23  3:12  Marine  
  23  3:13  Marine x2  
  26  3:22  Supply Depot  
  25  3:30  Marine  
  25  3:39  SCV, Barracks  
  26  3:47  Marine  
  27  3:51  SCV, Reaper x2  
  27  3:52  Barracks Reactor  
  29  4:04  SCV  
  29  4:05  Marine  
  30  4:10  Supply Depot  
  30  4:16  SCV  
  28  4:23  Reaper  
  26  4:28  SCV  
  26  4:36  Reaper  
  26  4:37  Marine x3, Reaper  
  28  4:54  Marine  
  28  4:55  Marine  
  28  4:59  Marine x2  
  30  5:08  Marine x2  
Show
View Real Time Build Order
Export as new Build Order

Digitalhelix Terran 

Build Orders:  

Get SALT Encoding   

Show
View Real Time Build Order
Export as new Build Order

RiverTacos Terran 

Build Orders:  

Get SALT Encoding   

Tags
 
Add a new tag
Caveats
  • Supply blocks, unpowered buildings, or Contaminate may cause inaccurate times.
  • Supply counts are checked every 10 seconds.